Map: Magannatha LE

Players

ManlyManMeat

  • Race: Zerg Zerg
  • League: Diamond
  • Spawn Location: 11:00

lotax - Winner!

  • Race: Terran Terran
  • League: Master
  • Spawn Location: 5:00

VOD

Have the link to the VOD?

Description

Time

  • Played on: July 13, 2025, 3:03 p.m.
  • Length: 9:34
Show
View Real Time Build Order
Export as new Build Order

ManlyManMeat Zerg 

Build Orders: Hatch First 

Get SALT Encoding   

  12  0:00  Drone  
  13  0:07  Drone  
  13  0:12  Extractor  
  13  0:16  Drone  
  15  0:22  Overlord  
  15  0:41  Drone  
  16  0:49  Hatchery  
  15  0:51  Drone  
  15  0:55  Drone  
  17  0:59  Drone  
  18  1:10  Extractor  
  17  1:16  Spawning Pool  
  16  1:18  Drone  
  16  1:22  Drone  
  18  1:27  Drone  
  19  1:44  Drone  
  20  2:02  Queen x2  
  20  2:03  Zergling x2  
  20  2:04  Zergling x2  
  26  2:09  Overlord  
  26  2:24  Hatchery  
  26  2:28  Drone  
  26  2:36  Drone x2  
  28  2:47  Drone  
  28  2:48  Drone, Overlord  
  30  3:00  Metabolic Boost  
  30  3:01  Drone x3  
  30  3:02  Drone  
  34  3:08  Drone  
  35  3:13  Drone  
  35  3:14  Overlord  
  36  3:28  Overlord x2  
  36  3:32  Drone  
  37  3:35  Drone x2  
  37  3:37  Queen  
  37  3:38  Drone x2  
  42  3:58  Lair  
  42  4:00  Zergling x10  
  42  4:01  Zergling x2  
  48  4:11  Queen  
  48  4:15  Extractor  
  49  4:22  Drone x4  
  53  4:25  Zergling x18  
  62  4:35  Queen  
  62  4:36  Overlord x2  
  64  4:42  Baneling Nest  
  62  5:06  Drone  
  62  5:10  Drone, Spire  
  62  5:11  Drone x4  
  66  5:24  Roach Warren  
  66  5:27  Extractor  
  64  5:28  Extractor  
  52  5:44  Queen x2  
  56  5:52  Zergling x8  
  58  6:03  Zergling x6  
  58  6:04  Zergling x2  
  54  6:05  Evolution Chamber  
  46  6:22  Mutalisk x4  
  46  6:25  Zergling x14  
  62  6:36  Mutalisk  
  64  6:50  Drone x2  
  64  6:51  Drone x3  
  69  6:55  Mutalisk  
  69  6:58  Drone x2  
  73  7:09  Drone x2  
  73  7:10  Drone x2  
  73  7:11  Drone  
  72  7:51  Drone x7  
  70  7:52  Drone x2  
  70  7:53  Roach Warren  
  74  8:04  Roach x4  
  82  8:11  Evolution Chamber  
  81  8:16  Overlord  
  81  8:17  Overlord x3  
  72  8:38  Roach x11  
  71  8:52  Roach x3  
  71  8:53  Roach  
  60  9:05  Roach x2  
  60  9:06  Roach x3  
Show
View Real Time Build Order
Export as new Build Order

lotax Terran - Winner!

Build Orders: 2 Factory, Reaper Expand 

Get SALT Encoding   

  12  0:00  SCV  
  13  0:12  SCV  
  14  0:16  Supply Depot  
  14  0:24  SCV  
  15  0:38  SCV  
  15  0:40  Barracks  
  16  0:48  Refinery  
  16  0:50  SCV  
  17  1:02  SCV  
  18  1:21  SCV  
  19  1:31  Reaper  
  20  1:33  Orbital Command  
  20  1:41  Command Center  
  20  1:52  Refinery  
  20  1:59  SCV  
  21  2:03  Marine  
  22  2:13  Factory  
  22  2:15  Supply Depot, SCV  
  23  2:24  Barracks Reactor  
  23  2:37  SCV  
  24  2:45  Factory  
  24  2:49  SCV  
  25  3:08  Orbital Command  
  25  3:10  SCV  
  25  3:12  Hellion x2  
  30  3:22  SCV  
  30  3:24  Supply Depot  
  31  3:30  Factory Tech Lab  
  31  3:33  Hellion x2  
  31  3:34  SCV  
  36  3:36  SCV  
  37  3:46  SCV  
  37  3:47  Supply Depot  
  37  3:48  SCV  
  39  3:52  Hellion  
  39  3:53  Infernal Pre-Igniter  
  41  4:11  Hellion x2  
  41  4:13  Cyclone, SCV x2  
  41  4:17  Refinery, Supply Depot  
  50  4:22  Factory  
  50  4:36  SCV  
  50  4:37  SCV  
  52  4:39  Hellion  
  52  4:40  Hellion  
  56  4:45  Cyclone  
  56  4:47  Armory  
  56  4:48  SCV  
  56  4:49  SCV  
  61  4:57  Supply Depot  
  61  5:01  SCV  
  61  5:04  Factory  
  61  5:09  Factory Tech Lab  
  61  5:10  SCV  
  61  5:12  Mag-Field Accelerator  
  62  5:17  Cyclone  
  62  5:20  Supply Depot  
  62  5:50  Cyclone  
  62  6:00  Cyclone  
  61  6:04  Factory Tech Lab  
  61  6:16  Terran Vehicle Weapons Level 1  
  61  6:17  Engineering Bay  
  53  6:22  Refinery  
  53  6:26  Cyclone  
  53  6:27  Cyclone  
  53  6:28  Hellion x2  
  64  6:32  SCV  
  64  6:33  SCV  
  65  6:44  Command Center  
  65  6:45  SCV x2  
  67  6:51  Missile Turret  
  67  6:55  Missile Turret  
  67  6:57  Hellion x2, SCV  
  67  6:58  Cyclone, SCV, Missile Turret  
  76  7:09  SCV  
  76  7:10  Cyclone x2  
  76  7:12  SCV  
  84  7:19  Hellion  
  86  7:26  Supply Depot  
  86  7:27  Hellion  
  86  7:31  SCV  
  85  7:48  Hellion  
  85  7:51  Hellion x2, Cyclone  
  94  7:56  Cyclone  
  94  7:58  Supply Depot x3  
  97  7:59  Orbital Command  
  97  8:10  Hellion  
  97  8:12  Hellion  
  101  8:14  Factory  
  101  8:15  Factory  
  101  8:39  Cyclone x2  
  101  8:40  Hellion x3  
  108  8:52  SCV x2  
  110  8:56  Orbital Command  
  110  8:58  Refinery  
  110  8:59  Factory Tech Lab x2  
  111  9:16  Refinery  
Tags
 
Add a new tag
Caveats
  • Supply blocks, unpowered buildings, or Contaminate may cause inaccurate times.
  • Supply counts are checked every 10 seconds.